AoeStats
← Cuchodark_79

Golden Pit

510024006Analyzed
1v1 RM · 3d ago on Sep 29, 2026· 36m 53s· 2 players
Game mode
Random Map
Map size
Tiny (2 player)
Population
200
Speed
Normal
Resources
Standard
Victory
Conquest
Starting age
Dark Age
Ending age
Imperial Age
RankedLock teamsTeams togetherTeam positionsShared explorationLock speedFull tech treeHidden civsTurbo modeCheats
Victory
Defeat
🇬🇧 Japanese · United Kingdom
1154
+16
🇨🇱 Mapuche · Chile
1147
-16
Cuchodark_79
6:11 Loom
9:22 Feudal Age
9:57 Double-Bit Axe
13:22 Wheelbarrow
24:10 Castle Age
22:38 Fletching
23:04 Padded Archer Armor
25:06 Bodkin Arrow
31:00 Horse Collar
32:18 Gold Mining
32:54 Bow Saw
38:34 Imperial Age
36:36 Forging
Anicient Bolt
6:17 Loom
9:10 Feudal Age
9:14 Man-at-Arms
22:28 Castle Age
21:43 Scale Mail Armor
21:53 Forging
23:27 Long Swordsman
31:25 Squires
31:12 Gambesons
31:58 Arson
32:36 Town Watch
32:49 Gambesons
Connection lost

Rejoining the realm…

Still unreachable

The connection could not be restored.

Session expired

The server has moved on; the page needs a fresh start.